 Dungeon Crawl Stone Soup version 0.23-a0-644-gb60d84b635 (webtiles) character file.

562 Adamkad1 the Covered (level 7, -1/63 HPs)
             Began as a Deep Dwarf Fighter on Jan 2, 2019.
             Slain by an ogre
             ... wielding a cursed -3 giant club
              (17 damage)
             ... on level 4 of the Dungeon.
             The game lasted 00:06:51 (2779 turns).

Adamkad1 the Covered (Deep Dwarf Fighter)           Turns: 2779, Time: 00:06:51

Health: -1/63      AC:  9    Str: 22    XL:     7   Next: 10%
Magic:  5/5        EV:  8    Int:  8    God:
Gold:   300        SH: 10    Dex: 12    Spells: 6/6 levels left

rFire    . . .     SeeInvis .   g - +2 whip (venom)
rCold    . . .     Gourm    .   c - +0 shield
rNeg     . . .     Faith    .   b - +1 scale mail
rPois    .         Spirit   .   (no helmet)
rElec    .         Reflect  .   (no cloak)
rCorr    .         Harm     .   (no gloves)
MR       +....                  r - +0 pair of boots
Stlth    ..........             (no amulet)
HPRegen  0.00/turn              (no ring)
MPRegen  0.09/turn              (no ring)

@: non-regenerating
A: damage resistance, heal wounds, sense surroundings 1, no regeneration
a: Heal Wounds


You were on level 4 of the Dungeon.
You were hungry.

You visited 1 branch of the dungeon, and saw 4 of its levels.

You collected 300 gold pieces.

Inventory:

Hand Weapons
 a - a +0 flail
 g - a +2 whip of venom (weapon)
Armour
 b - a +1 scale mail (worn)
 c - a +0 shield (worn)
 r - a +0 pair of boots (worn)
Scrolls
 e - 2 scrolls of identify
 j - 2 scrolls of enchant armour
 n - a scroll of remove curse {unknown}
 o - a scroll of enchant weapon {unknown}
 p - a scroll of teleportation {unknown}
 q - a scroll of amnesia {unknown}
Potions
 h - a potion of flight {unknown}
Comestibles
 d - 28 chunks of flesh
 f - 7 rations


   Skills:
 + Level 3.8 Fighting
 + Level 3.6 Maces & Flails
 * Level 5.8 Armour
 * Level 5.7 Shields


You had 6 spell levels left.
You didn't know any spells.
Your spell library was empty.

Dungeon Overview and Level Annotations

Branches:
Dungeon (4/15)
 Temple: D:4-7

Altars:
Vehumet

Shops:
D:4 ?

Annotations:
D:3 Purgy


Innate Abilities, Weirdness & Mutations

You are resistant to damage.
You can heal yourself by infusing magical energy.
You passively map a small area around you.
You do not regenerate.


Message History

Items here: ( )))) ÷÷÷÷ There isn't anything to butcher here.
Items here: % ( )) ÷ † The scorpion corpse isn't edible.
Items here: ( ) †† 4 stones; a +0 dagger; a goblin corpse; a hobgoblin corpse Butcher a goblin corpse? [(y)es/(n)o/(a)ll/(q)uit/?]
You butcher the goblin corpse.
You butcher the hobgoblin corpse.
The ogre hits you with a cursed -3 giant club!
* * * LOW HITPOINT WARNING * * *
Items here: %% ( ) ÷÷ There isn't anything to butcher here.
Unknown command.
You hit the ogre.
The ogre is poisoned.
The ogre is lightly wounded.
Your shield and scale mail prevent you from hitting the ogre.
The ogre is lightly wounded.
The ogre hits you with a cursed -3 giant club!!
You die...

,, . ,
....o.......#####..### ,
..####.g####...............
$...o.#####...............
#.##...g..(................
,
>....g.#.g#...............g
s....g.g..##.............g.
g....g....###............g.
,
g..#..[######............<.
. .......O@))(.........#...
.......######..(.......#g#.
, ...#...
#######..##.....## ...#...
#.........#.##### .# #>..
#...........# ,
#..........## #..<.....(##
#........(# #.........#


You could see an ogre.

Vanquished Creatures
  Sigmund (D:3)
  A scorpion (D:4)
  2 hounds (D:4)
  An orc priest (D:3)
  2 orc wizards (D:3)
  A worker ant (D:4)
  Robin (D:4)
  3 gnolls (D:4)
  6 adders
  5 worms
  A dart slug (D:2)
  5 leopard geckos
  7 orcs (D:3)
  3 giant cockroaches
  12 goblins
  10 hobgoblins
  3 jackals (D:2)
  2 quokkas
  A ball python (D:3)
  9 bats
  3 frilled lizards
  5 kobolds
  8 rats
92 creatures vanquished.

Vanquished Creatures (others)
  6 toadstools (D:1)
6 creatures vanquished.

Grand Total: 98 creatures vanquished

Notes
Turn   | Place    | Note
-------+----------+-------------------------------------------
     0 | D:1      | Adamkad1 the Deep Dwarf Fighter began the quest for the
                  | Orb.
     0 | D:1      | Reached XP level 1. HP: 20/20 MP: 1/1
   214 | D:1      | Reached XP level 2. HP: 21/27 MP: 2/2
   809 | D:2      | Reached XP level 3. HP: 22/33 MP: 3/3
  1039 | D:2      | Reached XP level 4. HP: 16/42 MP: 4/4
  1239 | D:2      | Found a radiant altar of Vehumet.
  1651 | D:3      | Noticed Sigmund
  1988 | D:3      | Reached XP level 5. HP: 30/49 MP: 5/5
  2312 | D:3      | Killed Sigmund
  2312 | D:3      | Reached skill level 5 in Armour
  2312 | D:3      | Reached skill level 5 in Shields
  2312 | D:3      | Reached XP level 6. HP: 29/56 MP: 5/5
  2336 | D:3      | You fall through a shaft!
  2339 | D:4      | Found Xexiket's Magic Scroll Boutique.
  2516 | D:3      | Noticed Purgy
  2551 | D:4      | Noticed Robin
  2687 | D:4      | Killed Robin
  2726 | D:4      | Reached XP level 7. HP: 13/63 MP: 5/5
  2779 | D:4      | Slain by an ogre

Vault maps used:
D:1:      minmay_arrival_glassed_features, minmay_gold_behind_fungi
D:2:      nicolae_overflow_hidden_temple, first_ration
D:3:      grunt_decor_mini_mirrors, minmay_close_crescents, uniq_terence,
          uniq_purgy, uniq_ijyb, uniq_sigmund
D:4:      serial_shops, nicolae_shop_stone, uniq_robin

Skill      XL: |  1  2  3  4  5 |
---------------+----------------+-----
Fighting       | 3 |  3.8
Armour         | 4 5 |  5.8
Shields        | 4 5 |  5.7
Maces & Flails | 3 |  3.6

Action                   |  1- 3 |  4- 6 |  7- 9 || total
-------------------------+-------+-------+-------++-------
Melee: Flail             |    91 |   158 |       ||   249
       Whip              |       |    58 |    23 ||    81
 Abil: Heal Wounds       |       |     3 |       ||     3
  Use: Scroll            |       |     5 |       ||     5
       Potion            |       |     2 |     1 ||     3
  Eat: Chunk             |       |     6 |       ||     6
Armor: Scale mail        |    37 |   122 |     6 ||   165
Dodge: Dodged            |    29 |    81 |     3 ||   113
Block: Shield            |    38 |   151 |    11 ||   200

Table legend:
 A = Non-vault XP
 B = Vault XP
 C = Vault XP percentage of total XP
 D = Non-vault monster count
 E = Vault monster count
 F = Vault count percentage of total count
                 A         B        C        D         E       F
            +---------+---------+-------+---------+---------+-------
      Total |     549 |     255 |  31.7 |      76 |      16 |  17.4
            +---------+---------+-------+---------+---------+-------
        D:1 |      17 |       0 |   0.0 |      12 |       0 |   0.0
        D:2 |     101 |       2 |   1.9 |      27 |       1 |   3.6
        D:3 |     195 |     219 |  52.9 |      26 |       4 |  13.3
        D:4 |     236 |      34 |  12.6 |      11 |      11 |  50.0
            +---------+---------+-------+---------+---------+-------
